 Dungeon Crawl Stone Soup version 0.24-a0-446-g87df7205b4 (webtiles) character file.

Game seed: 12766735654845568392

159205 KristoblXynda the Tortoise (level 17, -2/151 HPs)
             Began as a Minotaur Berserker on June 23, 2019.
             Was the Champion of Trog.
             Slain by a spriggan rider
             ... wielding a cursed -3 spear
              (6 damage)
             ... on level 1 of the Swamp.
             The game lasted 01:03:43 (34061 turns).

KristoblXynda the Tortoise (Minotaur Berserker)    Turns: 34061, Time: 01:03:43

Health: -2/151     AC: 24    Str: 28    XL:     17   Next: 15%
Magic:  23/23      EV: 15    Int: 15    God:    Trog [******]
Gold:   2274       SH:  4    Dex: 14    Spells: 16/16 levels left

rFire    . . .     SeeInvis .   B - +3 great sword (flame)
rCold    + . .     Gourm    .   (shield currently unavailable)
rNeg     + . .     Faith    .   f - +1 chain mail of the Untouchables {-Cast rC+ rN+ Str+2}
rPois    +         Spirit   .   I - +1 hat
rElec    +         Reflect  +   y - +0 cloak of Hadjma {*Drain rElec Int+9} (curse)
rCorr    .         Harm     .   o - +1 pair of gloves
MR       +....     NoCast   +   x - +2 pair of boots of the Assassin {Detection Stab+ Stlth++}
Stlth    ..........             U - +4 amulet of reflection
HPRegen  0.35/turn              H - ring of poison resistance
MPRegen  0.18/turn              p - +3 ring of strength

@: no status effects
A: retaliatory headbutt, horns 2
a: Berserk, Trog's Hand, Brothers in Arms, Renounce Religion


You were on level 1 of the Swamp.
You worshipped Trog.
Trog was exalted by your worship.
You were not hungry.

You visited 6 branches of the dungeon, and saw 28 of its levels.
You visited the Abyss 1 time.
You also visited: Gauntlet.

You collected 2698 gold pieces.
You spent 424 gold pieces at shops.

Inventory:

Hand Weapons
 j - a +6 scimitar of protection
 B - a +3 great sword of flaming (weapon)
 F - a +9 demon blade of freezing
Missiles
 i - 49 silver javelins (quivered)
 u - 3 throwing nets
Armour
 f - the +1 chain mail of the Untouchables (worn) {-Cast rC+ rN+ Str+2}
   (You found it on level 1 of the Snake Pit)

   It affects your strength (+2).
   It protects you from cold.
   It protects you from negative energy.
   It prevents spellcasting.
 o - a +1 pair of gloves (worn)
 x - the +2 pair of boots of the Assassin (worn) {Detection Stab+ Stlth++}
   (You found it in a Gauntlet)

   It makes you much more stealthy.
 y - the cursed +0 cloak of Hadjma (worn) {*Drain rElec Int+9}
   (You found it in a Gauntlet)

   It affects your intelligence (+9).
   It insulates you from electricity.
   It causes draining when unequipped.
   It has a curse placed upon it.
 I - a +1 hat (worn)
Jewellery
 p - a +3 ring of strength (right hand)
 H - a ring of poison resistance (left hand)
 U - a +4 amulet of reflection (around neck)
Wands
 a - a wand of scattershot (3)
 t - a wand of acid (13)
 J - a wand of iceblast (30)
 O - a wand of disintegration (11)
 Q - a wand of paralysis (19)
Scrolls
 b - 2 scrolls of teleportation
 e - a scroll of identify
 l - 8 scrolls of remove curse
 q - a scroll of magic mapping
 E - 5 scrolls of fear
 L - 2 scrolls of blinking
 R - 3 scrolls of fog
 S - 4 scrolls of enchant armour
Potions
 d - 2 potions of mutation
 g - 5 potions of lignification
 h - 4 potions of cancellation
 k - a potion of agility
 m - 4 potions of haste
 r - 6 potions of flight
 s - 5 potions of curing
 w - a potion of invisibility
 z - 4 potions of ambrosia
 C - 3 potions of brilliance
 D - 2 potions of berserk rage
 G - 2 potions of magic
 N - 3 potions of might
Miscellaneous
 M - a box of beasts
 P - a lightning rod (4/4)
Comestibles
 c - 29 rations


   Skills:
 + Level 13.8 Fighting
 - Level 17.1 Long Blades
 - Level 10.2 Throwing
 + Level 17.3 Armour
 - Level 10.5 Dodging
   Level 13.3 Shields
 - Level 10.1 Evocations


You had 16 spell levels left.
You didn't know any spells.
Your spell library contained the following spells:

 Spells                   Type           Power        Failure   Level  Hunger
 Confusing Touch          Hex            #.....       63%         1    ##.....
 Confuse                  Hex            #.......     94%         3    ####...
 Gell's Gravitas          Tloc           #.........   94%         3    ####...
 Cause Fear               Hex            #.........   100%        4    #####..
 Petrify                  Tmut/Erth      #.......     100%        4    #####..
 Metabolic Englaciation   Hex/Ice        #.........   100%        5    ######.
 Silence                  Hex/Air        #.........   100%        5    ######.
 Yara's Violent Unravell  Hex/Tmut       #.........   100%        5    ######.
 Deflect Missiles         Chrm/Air       #.........   100%        6    #######
 Discord                  Hex            #.........   100%        8    #######


Dungeon Overview and Level Annotations

Branches:
Dungeon (15/15)            Temple (1/1) D:6            Lair (6/6) D:9
  Swamp (1/4) Lair:3        Snake (3/4) Lair:2        Slime (0/5) Lair:5
    Orc (2/2) D:10            Elf (0/3) Orc:2        Vaults (0/5) D:14
 Depths (0/5) D:15

Altars:
Ashenzari
Cheibriados
Dithmenos
Elyvilon
Fedhas
Gozag
Hepliaklqana
Kikubaaqudgha
Makhleb
Nemelex Xobeh
Okawaru
Qazlal
Ru
Sif Muna
Trog
Uskayaw
Vehumet
Wu Jian
Xom
Yredelemnul
Zin
The Shining One
Jiyva

Shops:
D:4 :   D:8 [   D:9 *   D:12 *   D:14 (   Orc:2 ?*(}

Portals:
Pandemonium: Orc:2

Annotations:
Lair:2 exclusion: oklob plant
Snake:3 Bai Suzhen


Innate Abilities, Weirdness & Mutations

You reflexively headbutt those who attack you in melee.
You have a pair of horns on your head.


Message History

You block the spriggan rider's attack.
The spriggan rider hits you but does no damage.
Unknown command.
You miss the spriggan rider.
Your headbutt misses the spriggan rider.
The spriggan rider is lightly wounded.
The spriggan rider hits you with a cursed -3 spear.
* * * LOW HITPOINT WARNING * * *
The spriggan rider hits you but does no damage.
You slice the spriggan rider!! You burn the spriggan rider!
Your headbutt misses the spriggan rider.
The spriggan rider is severely wounded.
The spriggan rider closely misses you.
The spriggan rider hits you with a +0 spear!!
* * * LOW HITPOINT WARNING * * *
Unknown command.
You barely miss the spriggan rider.
The spriggan rider is severely wounded.
The spriggan rider hits you with a cursed -3 spear.
You die...

♣.≈≈≈≈.≈.... #...≈♣.≈
♣≈≈≈≈≈≈...##.#####.....♣≈♣
♣.≈.......#....÷...(..♣≈≈♣
♣♣.≈≈≈.≈.... #......≈....♣♣
♣♣≈.≈≈≈≈...######+#........♣
.....≈≈≈≈≈..........♣♣..≈..♣
.≈≈≈..§≈≈≈≈......†.†♣♣♣....♣♣
.≈≈≈.♣≈≈≈≈≈≈≈≈≈≈≈)≈≈.....♣♣.♣♣
≈≈≈≈§♣.≈≈≈≈.≈≈≈i@i≈≈≈...♣♣≈..♣
≈≈≈..♣..≈.....≈≈≈≈≈≈≈..≈♣♣..♣
≈≈≈.≈...≈♣♣.≈≈≈≈≈≈≈≈≈≈.≈♣..≈♣
≈.♣♣♣♣≈.♣♣♣.≈≈≈≈≈≈...≈.≈..≈≈♣♣
. ♣♣♣ ♣♣♣♣
♣♣§≈≈≈≈≈...≈≈.♣..≈.♣♣♣≈
♣♣♣...........♣♣≈...♣.♣.
♣♣♣≈.....≈≈....♣♣.≈.≈.≈..≈ ♣♣
♣≈≈≈≈≈≈≈.≈≈.....♣.†...≈≈♣≈
..♣♣♣..≈≈≈≈§.....≈≈..≈≈..≈.♣.


You could see 2 spriggan riders.

Vanquished Creatures
  Saint Roka (Orc:2)
  Vashnia (Snake:2)
  Rupert (D:12)
  Jorgrun (D:13)
  A tentacled starspawn (Abyss:3)
  2 nagarajas
  A fire giant (D:15)
  A frost giant (shapeshifter) (D:9)
  A minotaur (Gauntlet)
  Snorg (D:11)
  A fire dragon (Lair:6)
  A great orb of eyes (D:10)
  An ice dragon (Lair:5)
  2 naga warriors
  5 hydras
  A catoblepas (Lair:3)
  2 centaur warriors (D:15)
  A death knight (D:14)
  9 anacondas
  5 two-headed ogres
  An alligator (Swamp:1)
  The ghost of theanonym the Grappler, a novice DrTm of Cheibriados (D:9)
  2 tengu warriors (D:15)
  5 naga sharpshooters (Snake:2)
  7 orc high priests (Orc:2)
  A spriggan (Swamp:1)
  2 shock serpents (Snake:2)
  Urug (Lair:1)
  2 thrashing horrors (Abyss:3)
  A deep elf knight (D:9)
  Nergalle (D:12)
  3 skeletal warriors (D:15)
  A wretched star (Abyss:3)
  A sixfirhy (Orc:2)
  2 unseen horrors
  A torturous demonspawn (Orc:2)
  A gelid demonspawn (Orc:2)
  2 wizards (D:14)
  A swamp dragon (Swamp:1)
  3 naga ritualists (Snake:1)
  A lindwurm (Lair:6)
  Pikel (D:7)
  7 mana vipers
  8 orc knights
  A wolf spider (D:10)
  An oklob plant (Lair:4)
  17 ugly things
  A deep elf mage (D:10)
  4 cyclopes
  9 orc sorcerers
  3 manticores
  4 elephants
  25 black mambas
  2 guardian serpents (Snake:3)
  Psyche (D:9)
  3 naga magi
  3 molten gargoyles (Lair:6)
  Joseph (D:7)
  A torpor snail (Lair:6)
  A smoke demon (Abyss:3)
  A gargoyle (D:11)
  15 spiny frogs
  7 centaur skeletons
  2 kobold demonologists
  8 komodo dragons
  A rime drake (Lair:4)
  A freezing wraith (D:15)
  A red devil (Orc:2)
  9 trolls
  A queen bee (Lair:2)
  A queen bee (shapeshifter) (Abyss:3)
  4 hornets
  3 polar bears
  2 large abominations (Abyss:3)
  2 tyrant leeches (Swamp:1)
  Grinder (D:4)
  A bog body (Swamp:1)
  A meliai zombie (D:13)
  9 raiju
  12 blink frogs
  A slime creature (D:9)
  12 flying skulls
  13 hippogriffs
  Sigmund (D:3)
  A centaur simulacrum (D:15)
  5 shadows
  6 wraiths
  56 yaks
  11 wyverns
  Eustachio (D:4)
  9 basilisks
  3 chaos spawn (Orc:2)
  3 fire bats (Abyss:3)
  5 hungry ghosts
  2 steam dragons (Lair:6)
  10 vampire mosquitoes
  Grum (D:11)
  Menkaure (D:7)
  6 swamp worms (Swamp:1)
  A swamp worm (shapeshifter) (Abyss:3)
  20 wargs
  A soldier ant (D:12)
  20 nagas
  3 acid dragons
  12 water moccasins
  5 porcupines
  5 hell hounds (Lair:6)
  2 swamp drakes (Swamp:1)
  6 sky beasts
  A slave (D:7)
  2 eyes of draining
  45 orc warriors
  5 phantoms
  3 black bears
  14 ogres
  3 ice beasts
  A necrophage (D:11)
  27 wolves
  18 centaurs
  9 crocodiles
  17 bullfrogs
  5 big kobolds
  2 gnoll sergeants
  A wyvern zombie (D:9)
  A hornet simulacrum (D:15)
  4 scorpions
  25 killer bees (Lair:2)
  5 jellies
  A howler monkey (D:13)
  A small abomination (Abyss:3)
  9 crimson imps
  8 hounds
  4 lava snakes (Lair:6)
  3 centaur zombies
  2 quasits
  5 bullfrog skeletons
  24 orc priests
  Ijyb (D:4)
  6 iguanas
  Natasha (thrice) (D:4)
  17 orc wizards
  8 worker ants
  2 lightning spires (Gauntlet)
  A hound zombie (D:5)
  A hound skeleton (D:5)
  Robin (D:2)
  13 gnolls
  A howler monkey skeleton (D:4)
  7 adders
  5 shadow imps
  An ooze (D:2)
  An adder skeleton (D:7)
  6 dart slugs
  4 leopard geckos
  96 orcs
  6 giant cockroaches
  14 goblins
  13 hobgoblins
  7 jackals
  4 quokkas
  2 ball pythons (D:9)
  7 bats
  8 frilled lizards
  A jackal skeleton (D:7)
  22 kobolds
  A leopard gecko skeleton (D:3)
  A leopard gecko zombie (D:8)
  11 rats
992 creatures vanquished.

Vanquished Creatures (others)
  A spiny frog (Swamp:1)
  A spriggan (Swamp:1)
  A jelly (D:7)
  A hound skeleton (D:7)
  10 demonic plants (Gauntlet)
  2 fungi
  14 plants
  2 starspawn tentacles (Abyss:3)
  2 withered plants (Gauntlet)
34 creatures vanquished.

Grand Total: 1026 creatures vanquished

Notes
Turn   | Place    | Note
-------+----------+-------------------------------------------
     0 | D:1      | KristoblXynda the Minotaur Berserker began the quest for
                  | the Orb.
     0 | D:1      | Reached XP level 1. HP: 19/19 MP: 0/0
   385 | D:1      | Reached XP level 2. HP: 24/27 MP: 1/1
   777 | D:1      | Reached XP level 3. HP: 24/33 MP: 2/2
  1383 | D:2      | Reached ** piety under Trog
  1722 | D:2      | Reached XP level 4. HP: 38/40 MP: 3/3
  2044 | D:2      | Noticed Robin
  2068 | D:2      | Killed Robin
  2077 | D:2      | Reached skill level 5 in Long Blades
  2079 | D:2      | Reached *** piety under Trog
  2143 | D:2      | Found a faded altar of an unknown god.
  2400 | D:3      | Noticed Sigmund
  2416 | D:3      | Killed Sigmund
  2416 | D:3      | Reached XP level 5. HP: 47/47 MP: 4/4
  2416 | D:3      | Reached XP level 6. HP: 55/55 MP: 5/5
  2867 | D:4      | Noticed Ijyb
  2876 | D:4      | Killed Ijyb
  2876 | D:4      | Reached skill level 5 in Fighting
  3030 | D:4      | Noticed Eustachio
  3039 | D:4      | Killed Eustachio
  3039 | D:4      | Reached skill level 1 in Throwing
  3255 | D:4      | Noticed Grinder
  3263 | D:4      | Killed Grinder
  3263 | D:4      | Reached XP level 7. HP: 61/61 MP: 6/6
  3315 | D:4      | Reached skill level 5 in Armour
  3520 | D:4      | Found Giudghoud's Book Shop.
  3783 | D:4      | Noticed Natasha
  3790 | D:4      | Killed Natasha
  3804 | D:4      | Noticed Natasha
  3805 | D:4      | Reached skill level 5 in Dodging
  3817 | D:4      | Killed Natasha
  3940 | D:4      | Found a stormy altar of Qazlal.
  3941 | D:4      | Noticed an air elemental
  3941 | D:4      | Noticed a fire elemental
  3941 | D:4      | Noticed a water elemental
  4000 | D:5      | Entered Level 5 of the Dungeon
  4010 | D:4      | Reached XP level 8. HP: 65/68 MP: 7/7
  4090 | D:4      | Noticed Natasha
  4098 | D:4      | Killed Natasha
  4362 | D:5      | Received a gift from Trog
  4841 | D:5      | Found a shimmering altar of Xom.
  5305 | D:5      | Found a bloodstained altar of Trog.
  5389 | D:5      | Reached skill level 1 in Evocations
  5442 | D:5      | Found a glowing golden altar of the Shining One.
  5443 | D:5      | Found an ancient bone altar of Kikubaaqudgha.
  5443 | D:5      | Found a burning altar of Makhleb.
  5444 | D:5      | Found a hazy altar of Hepliaklqana.
  5650 | D:6      | Reached XP level 9. HP: 65/74 MP: 9/9
  5781 | D:6      | Found a basalt altar of Yredelemnul.
  5805 | D:6      | Reached skill level 5 in Throwing
  6493 | D:6      | Found a staircase to the Ecumenical Temple.
  6619 | Temple   | Entered the Ecumenical Temple
  6869 | D:7      | Noticed Joseph
  6900 | D:7      | Killed Joseph
  6957 | D:7      | Found a snail-covered altar of Cheibriados.
  7047 | D:7      | Noticed Menkaure
  7052 | D:7      | Killed Menkaure
  7258 | D:7      | Reached **** piety under Trog
  7423 | D:7      | Noticed Pikel
  7438 | D:7      | Killed Pikel
  7533 | D:7      | Reached XP level 10. HP: 73/84 MP: 9/11
  7836 | D:8      | Found Kyxzu's Armour Shoppe.
  7857 | D:8      | Bought a +0 pair of boots for 54 gold pieces
  8085 | D:8      | Noticed a manticore
  8198 | D:8      | Noticed a soul eater
  8200 | D:8      | Noticed an orange demon
  8583 | D:9      | Found a glowing golden altar of the Shining One.
  8633 | D:9      | Found a transporter.
  8634 | D:9      | Noticed a deep elf knight
  8638 | D:9      | Found the +3 salamander hide armour {+Rage rF++}
  8638 | D:9      | Found a transporter.
  8652 | D:9      | Noticed a deep elf knight
  8678 | D:9      | Received a gift from Trog
  8778 | D:9      | Reached skill level 10 in Long Blades
  8780 | D:9      | Found a runed translucent gate.
  8780 | D:9      | Found a runed translucent gate.
  8780 | D:9      | Found a runed translucent gate.
  8782 | D:9      | Noticed theanonym's ghost (novice DrTm)
  8798 | D:9      | You fall into a shaft and drop 1 floor!
  8798 | D:10     | Entered Level 10 of the Dungeon
  8954 | D:10     | Noticed a cyclops
  8974 | D:10     | Killed a cyclops
  9147 | D:10     | Reached skill level 5 in Evocations
  9368 | D:10     | Reached skill level 1 in Shields
  9371 | D:10     | Noticed an orc sorcerer
  9372 | D:10     | Noticed a deep elf mage
  9377 | D:10     | Killed an orc sorcerer
  9379 | D:10     | Killed a deep elf mage
  9379 | D:10     | Reached XP level 11. HP: 83/94 MP: 11/13
  9383 | D:10     | Identified the ring "Zuiluaj" {+Fly AC+4}
  9383 | D:10     | Noticed an orc sorcerer
  9390 | D:10     | Killed an orc sorcerer
  9659 | D:10     | Received a gift from Trog
  9659 | D:10     | Reached ***** piety under Trog
  9800 | D:10     | Noticed a wolf spider
  9801 | D:10     | Noticed a great orb of eyes
  9805 | D:10     | Killed a wolf spider
  9805 | D:10     | Reached skill level 10 in Armour
  9805 | D:10     | Paralysed by a great orb of eyes for 2 turns
  9812 | D:10     | Killed a great orb of eyes
 10194 | D:10     | Found a staircase to the Orcish Mines.
 10533 | D:9      | Noticed Psyche
 10543 | D:9      | Killed Psyche
 11158 | D:9      | Noticed a dire elephant
 11163 | D:9      | Noticed a death yak
 11240 | D:9      | Found a staircase to the Lair.
 11285 | D:9      | Found Satuaruz's Serpentskin Sales.
 11343 | D:9      | Noticed a death yak
 11610 | D:9      | Noticed a soul eater
 11627 | D:9      | Noticed a soul eater
 11636 | D:9      | Noticed a sun demon
 11892 | D:9      | Noticed a sixfirhy
 11892 | D:9      | Noticed a sun demon
 11896 | D:9      | Noticed a soul eater
 12174 | D:9      | Noticed a soul eater
 12181 | D:9      | Noticed a sun demon
 12870 | D:11     | Noticed a two-headed ogre
 12892 | D:11     | Killed a two-headed ogre
 12895 | D:11     | Received a gift from Trog
 12903 | D:11     | Reached skill level 5 in Shields
 12924 | D:11     | Noticed Grum
 12935 | D:11     | Killed Grum
 13151 | D:11     | Noticed Snorg
 13173 | D:11     | Killed Snorg
 13173 | D:11     | Received a gift from Trog
 13173 | D:11     | Reached XP level 12. HP: 50/106 MP: 6/14
 13364 | D:11     | Identified a scroll of acquirement
 13804 | D:11     | Found the +5 scythe "Finisher" {speed, eviscerate}
 13892 | D:12     | Noticed Rupert
 13900 | D:12     | Killed Rupert
 13900 | D:12     | Reached skill level 10 in Fighting
 14180 | D:12     | Found an ancient bone altar of Kikubaaqudgha.
 14375 | D:12     | Noticed Nergalle
 14383 | D:12     | Killed Nergalle
 14485 | D:12     | Found a snail-covered altar of Cheibriados.
 14702 | D:12     | Found Quyreilu's General Store.
 14706 | D:12     | Bought a scroll of enchant weapon for 127 gold pieces
 15186 | D:13     | Noticed Jorgrun
 15197 | D:13     | Killed Jorgrun
 15197 | D:13     | Reached XP level 13. HP: 106/114 MP: 9/15
 15540 | D:13     | Reached skill level 10 in Throwing
 15563 | D:13     | Received a gift from Trog
 15794 | D:14     | Received a gift from Trog
 16283 | D:14     | Found Mutrupap's Weapon Emporium.
 16531 | D:14     | Found a gate to the Vaults.
 17178 | D:14     | Received a gift from Trog
 17498 | D:15     | Entered Level 15 of the Dungeon
 17506 | D:15     | Found a staircase to the Depths.
 17506 | D:15     | Noticed a fire giant
 17540 | D:15     | Killed a fire giant
 17811 | D:15     | Reached skill level 10 in Shields
 17819 | D:15     | Reached XP level 14. HP: 85/122 MP: 11/17
 18348 | D:15     | Received a gift from Trog
 19129 | Lair:1   | Entered Level 1 of the Lair of Beasts
 19142 | Lair:1   | Received a gift from Trog
 19556 | Lair:1   | Noticed Urug
 19569 | Lair:1   | Killed Urug
 20273 | Lair:2   | Reached skill level 10 in Dodging
 20685 | Lair:2   | Found a staircase to the Snake Pit.
 20735 | Lair:2   | Reached ****** piety under Trog
 20745 | Lair:2   | Received a gift from Trog
 21730 | Lair:3   | Found a staircase to the Swamp.
 22321 | Lair:4   | Reached skill level 15 in Long Blades
 22503 | Lair:4   | Reached XP level 15. HP: 128/128 MP: 20/20
 22509 | Lair:4   | Found a white marble altar of Elyvilon.
 23231 | Lair:5   | Found a gate leading to a gauntlet.
 23240 | Gauntlet | Entered a Gauntlet
 23240 | Gauntlet | Found a transporter.
 23240 | Gauntlet | Found a transporter.
 23240 | Gauntlet | Found a large runed translucent door.
 23240 | Gauntlet | Found a large runed translucent door.
 23240 | Gauntlet | Found a large runed translucent door.
 23240 | Gauntlet | Found a large runed translucent door.
 23240 | Gauntlet | Found a large runed translucent door.
 23240 | Gauntlet | Found a large runed translucent door.
 23240 | Gauntlet | Found a runed translucent door.
 23240 | Gauntlet | Found a runed translucent door.
 23240 | Gauntlet | Found a large runed translucent door.
 23240 | Gauntlet | Found a large runed translucent door.
 23240 | Gauntlet | Found a large runed translucent door.
 23240 | Gauntlet | Found a large runed translucent door.
 23240 | Gauntlet | Found a large runed translucent door.
 23240 | Gauntlet | Found a large runed translucent door.
 23244 | Gauntlet | Found a transporter.
 23244 | Gauntlet | Found a transporter.
 23257 | Gauntlet | Found a transporter.
 23262 | Gauntlet | Found a transporter.
 23266 | Gauntlet | Found a transporter.
 23266 | Gauntlet | Found a transporter.
 23293 | Gauntlet | Found a transporter.
 23305 | Gauntlet | Found a transporter.
 23318 | Gauntlet | Found a large runed translucent door.
 23319 | Gauntlet | Found a large runed translucent door.
 23321 | Gauntlet | Found a runed translucent gate.
 23322 | Gauntlet | Found a runed translucent gate.
 23323 | Gauntlet | Found a runed translucent gate.
 23323 | Gauntlet | Found a transporter.
 23345 | Gauntlet | Found a transporter.
 23346 | Gauntlet | Found the +2 pair of boots of the Assassin {Detection Stab+
                  | Stlth++}
 23391 | Gauntlet | Found a transporter.
 23611 | Gauntlet | Received a gift from Trog
 23696 | Gauntlet | Found a transporter.
 23784 | Gauntlet | Got a slimy cloak
 23814 | Gauntlet | Identified the cursed +0 cloak of Hadjma {*Drain rElec
                  | Int+9} (You found it in a Gauntlet)
 24067 | Gauntlet | Found the +8 Wrath of Trog {antimagic, *Rage}
 24321 | Lair:5   | Found a staircase to the Slime Pits.
 24325 | Lair:5   | Found a viscous altar of Jiyva.
 25009 | Lair:6   | Entered Level 6 of the Lair of Beasts
 25223 | Lair:6   | Reached skill level 15 in Armour
 25232 | Lair:6   | Received a gift from Trog
 26384 | Lair:6   | Received a gift from Trog
 26569 | Lair:6   | Found a large runed translucent door.
 26570 | Lair:6   | Found a large runed translucent door.
 27079 | D:9      | Noticed a sphinx
 27114 | D:9      | Noticed a frost giant
 27114 | D:9      | a sphinx changed into a frost giant
 27152 | D:9      | Killed a frost giant
 27172 | D:9      | Killed theanonym's ghost
 27374 | Orc:1    | Entered Level 1 of the Orcish Mines
 27662 | Orc:2    | Entered Level 2 of the Orcish Mines
 27910 | Orc:2    | Received a gift from Trog
 28044 | Orc:2    | Found Nidixaq's Magic Scroll Emporium.
 28047 | Orc:2    | Found Ithow's General Store.
 28550 | Orc:2    | Reached XP level 16. HP: 48/139 MP: 9/22
 28916 | Orc:2    | Bought a scroll of identify for 26 gold pieces
 29205 | Orc:2    | Found Asalann's Gadget Boutique.
 29205 | Orc:2    | Found a one-way gate leading to the halls of Pandemonium.
 29205 | Orc:2    | Found Ukures's Antique Weapon Shop.
 29210 | Orc:2    | Bought a glowing scimitar for 217 gold pieces
 29317 | Orc:2    | Found a staircase to the Elven Halls.
 29368 | Orc:2    | Found a radiant altar of Vehumet.
 29370 | Orc:2    | Noticed Saint Roka
 29399 | Orc:2    | Killed Saint Roka
 29399 | Orc:2    | Reached skill level 10 in Evocations
 29400 | Orc:2    | Received a gift from Trog
 30005 | Snake:1  | Entered Level 1 of the Snake Pit
 30048 | Snake:1  | Got a spiked chain mail
 30066 | Snake:1  | Identified the +1 chain mail of the Untouchables {-Cast rC+
                  | rN+ Str+2} (You found it on level 1 of the Snake Pit)
 30287 | Snake:1  | Received a gift from Trog
 30320 | Snake:1  | Cast into level 3 of the Abyss (a distortion unwield)
 30384 | Abyss:3  | Found a corrupted altar of Lugonu.
 30470 | Abyss:3  | Found a corrupted altar of Lugonu.
 30516 | Abyss:3  | Noticed a tentacled starspawn
 30523 | Abyss:3  | Killed a tentacled starspawn
 30638 | Snake:1  | Escaped the Abyss
 31360 | Snake:2  | Noticed Vashnia
 32356 | Snake:2  | Killed Vashnia
 33041 | Snake:3  | Received a gift from Trog
 33041 | Snake:3  | Reached XP level 17. HP: 98/150 MP: 15/23
 33207 | Snake:3  | Received a gift from Trog
 33223 | Snake:3  | Noticed Bai Suzhen
 33793 | Swamp:1  | Entered Level 1 of the Swamp
 34060 | Swamp:1  | HP: 3/151 [spriggan rider/+0 spear (18)]
 34061 | Swamp:1  | Slain by a spriggan rider

Levels and vault maps discovered:
D:1:      minmay_arrival_shoal_huts, layout_basic
D:2:      layout_loops_ring, first_ration, chequers_ecumenical_altar_lobes,
          uniq_robin
D:3:      layout_rooms, uniq_sigmund
D:4:      layout_loops_ring, nicolae_qazlal_style_of_elements, serial_shops,
          shop, uniq_natasha, uniq_eustachio, uniq_ijyb, uniq_grinder
D:5:      layout_rooms, lemuel_doored_altar, minitemple, bloody_trog
D:6:      layout_gridville, yredelemnul_altar_generic,
          minmay_temple_entry_purple_smoke
D:7:      layout_loops_ring, nicolae_overflow_crystal_walls, uniq_joseph,
          uniq_menkaure, uniq_pikel
D:8:      layout_basic, serial_shops, shop, grunt_ogre_cave, minivault_12
D:9:      gammafunk_wand_slinger, layout_stronghold, lair_entry_dummy,
          basic_altar, gammafunk_ghost_split, guppyfry_shop_venom, uniq_psyche
D:10:     minmay_the_grid_3x2 [minmay_the_grid_box_x,
          minmay_the_grid_pillar_ring, minmay_the_grid_broken_lines,
          minmay_the_grid_minigrid_small, minmay_the_grid_tri_star,
          minmay_the_grid_prize_diamond_cup], layout_loops_ring, david_orc_4
D:11:     layout_basic, serial_glass, glass_columns_b, glass_columns_b,
          glass_columns_a, glass_columns_a, minmay_strange_pillars,
          minmay_guarded_unrand_finisher, uniq_grum, uniq_snorg
D:12:     layout_long_grid, serial_shops, nicolae_shop_behind_doors,
          basic_altar, lemuel_tele_altar, uniq_nergalle, uniq_rupert
D:13:     layout_loops_cross, small_chamber_with_monster, uniq_jorgrun
D:14:     lemuel_castle_with_subvaults [lemuel_castle_interior_carwin_1],
          layout_irregular_city, david_vaults_1, abandoned_shop, serial_shops,
          shop, fountainhead
D:15:     grunt_enter_depths_giant_problem, layout_stronghold,
          hangedman_decor_lopped
Temple:   nicolae_temple_great_sept
Lair:1:   layout_loops_ring, uniq_urug
Lair:2:   regret_index_tunnel_blossom, layout_long_grid,
          minmay_snake_entry_guardpost_medium, minmay_lair_oklob_chamber,
          lemuel_fruit_tree
Lair:3:   layout_misc_corridors, minmay_swamp_entry_swarm
Lair:4:   layout_roguey, lemuel_oklob_altar, serial_bayou_shore_b,
          grunt_megastairs_1
Lair:5:   dragon1_lemuel, layout_long_grid, slime_altar_1,
          gauntlet_entry_generic, st_stairs_3, nicolae_quartered_pool_little
Lair:6:   cheibrodos_lair_end_hotspot, layout_hall_layers,
          hangedman_lair_unloving_vines
Swamp:1:  layout_basic_swamp, evilmike_swamp_ruin_house_1, swamp_pool1,
          hangedman_swamp_pad
Snake:1:  layout_concentric_octagons
Snake:2:  layout_layer_cave, uniq_vashnia
Snake:3:  layout_misc_corridors, serial_shops, shop, uniq_aizul, uniq_louise,
          uniq_azrael, uniq_bai_suzhen
Orc:1:    layout_diamond_mine
Orc:2:    pf_orc_diabolical, layout_caves, basic_altar, uniq_saint_roka

Skill      XL: |  1  2  3  4  5  6  7  8  9 10 11 12 13 14 15 16 |
---------------+-------------------------------------------------+-----
Long Blades    | 4 5 6 7 8 9 10 11 12 13 15 16 17 | 17.1
Fighting       | 4 5 6 8 9 10 12 13 | 13.8
Armour         | 3 4 5 7 8 9 11 12 13 14 15 17 | 17.3
Dodging        | 3 4 5 6 7 9 10 | 10.5
Throwing       | 2 3 4 6 7 8 9 10 | 10.2
Evocations     | 1 3 5 6 8 9 10 | 10.1
Shields        | 2 5 8 10 11 13 | 13.3

Action                   |  1- 3 |  4- 6 |  7- 9 | 10-12 | 13-15 | 16-18 || total
-------------------------+-------+-------+-------+-------+-------+-------++-------
Melee: Falchion          |    60 |    88 |   123 |       |       |       ||   271
       Headbutt          |    12 |    10 |    82 |   191 |   344 |   134 ||   773
       Long sword        |       |       |   120 |       |       |       ||   120
       Scimitar          |       |       |    30 |   471 |       |       ||   501
       Demon blade       |       |       |       |   199 |  1332 |   465 ||  1996
       Great sword       |       |       |       |       |    40 |    59 ||    99
Invok: Berserk           |       |     4 |     6 |     7 |     5 |     5 ||    27
       Trog's Hand       |       |       |       |     2 |     3 |     5 ||    10
Evoke: Wand              |       |       |       |    12 |     7 |     1 ||    20
  Use: Scroll            |       |     6 |    11 |    13 |    12 |    10 ||    52
       Potion            |       |       |       |     2 |     1 |     3 ||     6
 Stab: Distracted        |       |       |       |       |       |     1 ||     1
       Confused          |       |       |       |       |       |     1 ||     1
  Eat: Chunk             |     3 |     7 |    14 |    17 |    28 |     6 ||    75
       Ration            |       |       |     2 |     8 |     7 |     5 ||    22
Armor: Animal skin       |     1 |       |       |       |       |       ||     1
       Leather armour    |     9 |       |       |       |       |       ||     9
       Chain mail        |       |    31 |   101 |    35 |   501 |   176 ||   844
       Plate armour      |       |       |    55 |   384 |       |       ||   439
Dodge: Dodged            |    35 |    33 |   129 |   311 |   626 |   182 ||  1316
Block: Buckler           |       |       |       |    37 |   150 |       ||   187
       Shield            |       |       |       |       |    88 |   276 ||   364
       Reflection        |       |       |       |       |       |    34 ||    34
       Other             |       |       |       |       |       |    16 ||    16
       Rpst.: Falchion   |    11 |     9 |    22 |       |       |       ||    42
       Long sword        |       |       |    13 |       |       |       ||    13
       Scimitar          |       |       |     3 |    52 |       |       ||    55
       Demon blade       |       |       |       |    13 |   137 |    20 ||   170
       Great sword       |       |       |       |       |    13 |    14 ||    27

Table legend:
 A = Non-vault XP
 B = Vault XP
 C = Vault XP percentage of total XP
 D = Non-vault monster count
 E = Vault monster count
 F = Vault count percentage of total count
                 A         B        C        D         E       F
            +---------+---------+-------+---------+---------+-------
      Total |  142077 |   85359 |  37.5 |     670 |     323 |  32.5
            +---------+---------+-------+---------+---------+-------
        D:1 |      55 |       0 |   0.0 |      27 |       0 |   0.0
        D:2 |      63 |      39 |  38.2 |      22 |      13 |  37.1
        D:3 |      25 |     231 |  90.2 |      15 |       1 |   6.2
        D:4 |     615 |     535 |  46.5 |      19 |       4 |  17.4
        D:5 |    1051 |       0 |   0.0 |      20 |       0 |   0.0
        D:6 |     968 |       0 |   0.0 |      16 |       0 |   0.0
        D:7 |     972 |    1232 |  55.9 |      20 |       3 |  13.0
        D:8 |     981 |     122 |  11.1 |      15 |       1 |   6.2
        D:9 |    1405 |    4724 |  77.1 |      17 |      15 |  46.9
       D:10 |    2237 |    5733 |  71.9 |      21 |      31 |  59.6
       D:11 |    4521 |    2204 |  32.8 |      49 |       7 |  12.5
       D:12 |    6768 |    3833 |  36.2 |      37 |       2 |   5.1
       D:13 |    4552 |    3139 |  40.8 |      24 |       2 |   7.7
       D:14 |    9091 |    7926 |  46.6 |      31 |      59 |  65.6
       D:15 |   17518 |    1765 |   9.2 |      51 |       1 |   1.9
     Lair:1 |    5378 |     827 |  13.3 |      27 |       1 |   3.6
     Lair:2 |    4998 |    6093 |  54.9 |      20 |      46 |  69.7
     Lair:3 |    4458 |    1069 |  19.3 |      15 |       6 |  28.6
     Lair:4 |    5183 |    1230 |  19.2 |      24 |       4 |  14.3
     Lair:5 |    3964 |    1119 |  22.0 |      12 |       2 |  14.3
     Lair:6 |   11273 |    8492 |  43.0 |      41 |      30 |  42.3
    Swamp:1 |    7082 |       0 |   0.0 |      22 |       0 |   0.0
    Snake:1 |   16407 |       0 |   0.0 |      31 |       0 |   0.0
    Snake:2 |    9661 |    8721 |  47.4 |      18 |       6 |  25.0
    Snake:3 |    7791 |       0 |   0.0 |      14 |       0 |   0.0
      Orc:1 |     685 |       0 |   0.0 |       8 |       0 |   0.0
      Orc:2 |    4256 |   22447 |  84.1 |      26 |      75 |  74.3
    Abyss:3 |   10119 |       0 |   0.0 |      28 |       0 |   0.0
   Gauntlet |       0 |    3878 | 100.0 |       0 |      14 | 100.0
            +---------+---------+-------+---------+---------+-------
